 Dungeon Crawl Stone Soup version 0.28-a0-1128-gb845255321 (webtiles) character file.

Game seed: 3456183228038550074

106 BinkBink the Sneak (level 4, -2/21 HPs)
             Began as a Spriggan Enchanter on Dec 12, 2021.
             Slain by a fire elemental (13 damage)
             ... created by the fiery vengeance of Ignis
             ... on level 3 of the Dungeon.
             The game lasted 00:06:28 (4249 turns).

BinkBink the Sneak (Spriggan Enchanter)             Turns: 4249, Time: 00:06:28

Health: -2/21      AC:  2    Str:  4    XL:     4   Next: 55%
Magic:  9/9        EV: 18    Int: 16    God:
Gold:   84         SH:  0    Dex: 17    Spells: 8/8 levels left

rFire   . . .      SeeInvis +   m - +2 dagger (venom)
rCold   . . .      Faith    .   (shield restricted)
rNeg    . . .      Spirit   .   b - +0 robe
rPois   .          Reflect  .   (helmet restricted)
rElec   .          Harm     .   (no cloak)
rCorr   .          Rampage  .   (gloves unavailable)
Will    .....                   (boots unavailable)
Stlth   +++.......              (no amulet)
HPRegen 0.07/turn               (no ring)
MPRegen 0.11/turn               (no ring)

@: slowed, fire susceptible, quick
A: very small, no large weapons, unfitting armour, see invisible, speed 3
a: no special abilities


You were on level 3 of the Dungeon.
You visited 1 branch of the dungeon, and saw 4 of its levels.

You collected 84 gold pieces.

Inventory:

Hand Weapons
 a - a +1 dagger
 m - a +2 dagger of venom (weapon)
Armour
 b - a +0 robe (worn)
 k - a +0 cloak
Scrolls
 d - a scroll of teleportation {unknown}
 e - a scroll of identify {unknown}
 g - a scroll of immolation {unknown}
 h - a scroll of blinking {unknown}
 i - a scroll of fog {unknown}
 l - a scroll of fear {unknown}
Potions
 c - a potion of invisibility
 f - 2 potions of magic {unknown}
 j - 4 potions of curing {unknown}


   Skills:
 + Level 0.5 Fighting
 + Level 2.2 Short Blades
 + Level 3.4 Dodging
 + Level 6.5 Stealth
 + Level 2.7 Spellcasting
 + Level 4.1 Hexes


You had 8 spell levels left.
You didn't know any spells.
Your spell library contained the following spells:

 Spells                   Type           Power      Damage    Failure   Level
 Confusing Touch          Hex            15%        N/A       11%         3
 Tukima's Dance           Hex            15%        N/A       11%         3
 Ensorcelled Hibernation  Hex/Ice        16%        N/A       12%         2
 Dazzling Flash           Conj/Hex       16%        N/A       24%         3
 Portal Projectile        Hex/Tloc       16%        N/A       24%         3
 Call Canine Familiar     Summ           2%         N/A       50%         3
 Leda's Liquefaction      Hex/Erth       4%         N/A       63%         4


Dungeon Overview and Level Annotations

Branches:
Dungeon (4/15)
 Temple: D:4-7

Altars:
Xom
Ignis

Annotations:
D:3 Grinder


Innate Abilities, Weirdness & Mutations

You are very small and have problems with some larger weapons.
You are too small for most types of armour.
You have supernaturally acute eyesight. (SInv)
You cover ground extremely quickly. (Speed+++)


Message History

The ball python barely misses you.
You hit the rat.
You kill the rat!
The hobgoblin throws a stone.
The stone misses you.
The stone closely misses the ball python.
The ball python closely misses you. The ball python misses you.
You hit the ball python.
You kill the ball python!
You barely miss the hobgoblin. The hobgoblin completely misses you.
You hit the hobgoblin but do no damage.
The hobgoblin is poisoned.
The hobgoblin hits you.
You hit the hobgoblin.
The hobgoblin looks as sick as possible!
The hobgoblin is heavily wounded.
You kill the hobgoblin!
No target in view!
No target in view!
A bat comes into view.
A bat is nearby!
Things that are here:
16 stones; a hobgoblin corpse The bat completely misses you.
You hit the bat.
You kill the bat!
No target in view!
No target in view!
HP restored. "With a thousand fires I burned cities, but these will suffice for you!"
The divine experience drains your vigour!
You feel yourself slow down. 2 fire elementals come into view.
There are monsters nearby!
There are monsters nearby!
The fire elemental misses you. The fire elemental hits you.
The fire elemental burns you! The fire elemental misses you.
A bat comes into view.
The fire elemental hits you. The fire elemental burns you!
Ouch! That really hurt!
You die...

.........>##.# #.#
##.####.####.#### #.#
#.##...........# #.#
##.##.######.##.# #.#
.............##.# #.#
.....##########.####.#
.....##.........#..#.#
##.########b#####..#.#
...##...........@E.#.#
#####.#####<#.####E#.#
#.#.# #☼#.#
#.#.####○#.#
#.#........#
#.######°### #.##.#
#.# #.##.# #.# #.##.#
#.#


You could see 2 fire elementals and a bat.

Vanquished Creatures
  5 adders
  A dart slug (D:2)
  6 endoplasms
  9 goblins
  6 hobgoblins
  5 quokkas
  2 ball pythons
  7 bats
  5 frilled lizards
  4 kobolds
  11 rats
61 creatures vanquished.

Notes
Turn   | Place    | Note
-------+----------+-------------------------------------------
     0 | D:1      | BinkBink the Spriggan Enchanter began the quest for the
                  | Orb.
     0 | D:1      | Reached XP level 1. HP: 9/9 MP: 5/5
  1263 | D:1      | Reached XP level 2. HP: 9/13 MP: 6/6
  1363 | D:1      | Found a faded altar of an unknown god.
  1612 | D:1      | Reached skill level 5 in Stealth
  2292 | D:1      | Prayed at the altar of an unknown god.
  2292 | D:1      | Became a worshipper of Ignis, the Dying Flame
  2408 | D:2      | Fell from the grace of Ignis
  2418 | D:2      | Reached XP level 3. HP: 13/16 MP: 8/8
  2481 | D:2      | Found a shimmering altar of Xom.
  2670 | D:2      | You fall into a shaft and drop 2 floors!
  2892 | D:4      | Noticed an ogre
  3180 | D:3      | Noticed Grinder
  3353 | D:2      | You fall into a shaft and drop 1 floor!
  3495 | D:2      | Reached skill level 6 in Stealth
  3692 | D:2      | Reached XP level 4. HP: 20/21 MP: 9/9
  4227 | D:3      | Noticed a fire elemental
  4227 | D:3      | Noticed a fire elemental
  4249 | D:3      | Slain by a fire elemental

Illustrated notes

Levels and vault maps discovered:
D:1:      dpeg_arrival_chambers_temple_mockup, layout_rooms,
          dreamdust_ecumenical_altar_statues, st_stairs_14
D:2:      cheibrodos_old_hovel, layout_basic, basic_altar
D:3:      layout_basic, kennysheep_donut, uniq_grinder
D:4:      layout_loops_ring, marbit_many_paths,
          mainiacjoe_overflow_small_starburst, moated_statue,
          kennysheep_cross_bottleneck, grunt_ministairs_5

Skill      XL: |  1  2  3 |
---------------+----------+-----
Dodging        | 3 |  3.4
Hexes          | 4 |  4.1
Stealth        | 5 6 |  6.5
Short Blades   | 2 |  2.2
Fighting       | |  0.5
Spellcasting   | |  2.7

Action                   |  1- 3 |  4- 6 || total
-------------------------+-------+-------++-------
Melee: Dagger            |   174 |    23 ||   197
Invok: Renounce Religion |     1 |       ||     1
 Stab: Sleeping          |    14 |     5 ||    19
       Distracted        |     3 |     1 ||     4
Armor: Robe              |    13 |     2 ||    15
Dodge: Dodged            |   130 |    17 ||   147

Table legend: (Time is in decaauts)
 A = Elapsed time spent in this place.
 B = Non-inter-level travel time spent in this place.
 C = Inter-level travel time spent in this place.
 D = Time resting spent in this place.
 E = Time spent auto-exploring this place.
 F = Levels seen in this place.
 G = Mean time per level.
                   A        B        C        D        E       F      G
               +--------+--------+--------+--------+--------+-----+--------+
         Total |   3355 |   3268 |     87 |      0 |   2468 |   4 |  838.8 |
       Dungeon |   3355 |   3268 |     87 |      0 |   2468 |   4 |  838.8 |
               +--------+--------+--------+--------+--------+-----+--------+

Top non-repeatable levels by time:
     D:1: 1922 daAuts
     D:2: 851 daAuts
     D:3: 341 daAuts
     D:4: 241 daAuts
